 Dungeon Crawl Stone Soup version 0.29-a0-555-g3b24f45cc1 (webtiles) character file.

Game seed: 6588830614365008008

4 Hubjo the Insei (level 1, 0/15 HPs)
             Began as a Demonspawn Transmuter on June 7, 2022.
             Slain by a gnoll
             ... wielding a +0 club
              (6 damage)
             ... on level 1 of the Dungeon.
             The game lasted 00:00:13 (276 turns).

Hubjo the Insei (Demonspawn Transmuter)              Turns: 276, Time: 00:00:14

Health: 0/15       AC:  2    Str: 10    XL:     1   Next: 58%
Magic:  2/3        EV: 12    Int: 14    God:
Gold:   33         SH:  0    Dex: 13    Spells: 3/4 levels left

rFire   . . .      SeeInvis .     - Unarmed
rCold   . . .      Faith    .   (no shield)
rNeg    . . .      Spirit   .   a - +0 robe
rPois   .          Reflect  .   (helmet currently unavailable)
rElec   .          Harm     .   (no cloak)
rCorr   .          Rampage  .   (no gloves)
Will    .....                   (boots currently unavailable)
Stlth   +.........              (no amulet)
HPRegen 0.05/turn               (no ring)
MPRegen 0.08/turn               (no ring)

@: appendages
A: horns 2, talons 2
a: End Transformation


You were on level 1 of the Dungeon.
You had temporarily grown beastly horns and talons.
You visited 1 branch of the dungeon, and saw 1 of its levels.

You collected 33 gold pieces.

Inventory:

Armour
 a - a +0 robe (worn)
Scrolls
 c - a scroll of teleportation {unknown}
 d - a scroll of magic mapping {unknown}
Potions
 b - a potion of lignification
 e - a potion of curing {unknown}


   Skills:
 * Level 1.3 Fighting
 - Level 1.7 Dodging
 + Level 0.1 Stealth
 + Level 2.7 Unarmed Combat
 + Level 2.0 Spellcasting
 + Level 1.8 Transmutations


You had 3 spell levels left.
You knew the following spells:

 Your Spells              Type           Power      Damage    Failure   Level
a - Beastly Appendage     Tmut           12%        N/A       11%         1

Your spell library contained the following spells:

 Spells                   Type           Power      Damage    Failure   Level
 Wereblood                Tmut           6%         N/A       17%         2
 Spider Form              Tmut/Pois      4%         N/A       43%         3
 Ice Form                 Ice/Tmut       4%         N/A       85%         4


Dungeon Overview and Level Annotations

Branches:
Dungeon (1/15)

Altars:


Innate Abilities, Weirdness & Mutations

You have temporarily grown beastly horns and talons.


Message History

The hobgoblin hits you.
You hit the hobgoblin but do no damage. You claw the hobgoblin.
The hobgoblin is almost dead.
The hobgoblin hits you.
You hit the hobgoblin.
You kill the hobgoblin!
No target in view!
No target in view!
Your transformation is almost over.
Your horns disappear.
Your talons disappear.
You see here a hobgoblin corpse.
Found 14 stones.
You see here 14 stones.
A rat comes into view.
A rat is nearby!
A rat is nearby!
You grow a pair of large bovine horns.
Your feet morph into talons.
The helpless rat fails to defend itself.
You hit the rat.
You kill the rat!
No target in view!
No target in view!
Your transformation is almost over.
You now have 33 gold pieces (gained 8).
Your horns disappear.
Your talons disappear.
e - a smoky pink potion A gnoll comes into view.
It is wielding a +0 club.
The gnoll shouts!
A gnoll is nearby!
A gnoll is nearby!
You grow a pair of large bovine horns.
Your feet morph into talons.
The gnoll hits you with a +0 club.
You hit the gnoll. You claw the gnoll, but do no damage.
The gnoll is lightly wounded.
The gnoll hits you with a +0 club.
You are too injured to fight recklessly!
You hit the gnoll but do no damage.
The gnoll is lightly wounded.
The gnoll hits you with a +0 club.
You die...

#.# #.#
#.......#.# #.#
#.......#.# #.#
..........# #.#
.......### #.#
#......# #.#
#.#...# #.#
##....g# #.#
....#.@######.#
#...........#
....$...########
.###.##.# #. #.#
# #.# #.# #.# #.


You could see a gnoll.

Vanquished Creatures
  A ball python (D:1)
  A hobgoblin (D:1)
  A kobold (D:1)
  2 rats (D:1)
5 creatures vanquished.

Notes
Turn   | Place    | Note
-------+----------+-------------------------------------------
     0 | D:1      | Hubjo the Demonspawn Transmuter began the quest for the
                  | Orb.
     0 | D:1      | Reached XP level 1. HP: 15/15 MP: 3/3
   276 | D:1      | Slain by a gnoll

Illustrated notes

Levels and vault maps discovered:
D:1:      dpeg_arrival_solitude, layout_loops_ring,
          shapermc_ecumenical_altar_totnotflames

Action                   || total
-------------------------++-------
Melee: Unarmed           ||    12
       Kick              ||     3
       Headbutt          ||     1
 Cast: Beastly Appendage ||     5
 Stab: Sleeping          ||     1
Armor: Robe              ||     1
Dodge: Dodged            ||     5

Table legend: (Time is in decaauts)
 A = Elapsed time spent in this place.
 B = Non-inter-level travel time spent in this place.
 C = Inter-level travel time spent in this place.
 D = Time resting spent in this place.
 E = Time spent auto-exploring this place.
 F = Levels seen in this place.
 G = Mean time per level.
                   A        B        C        D        E       F      G
               +--------+--------+--------+--------+--------+-----+--------+
         Total |    275 |    275 |      0 |      0 |    235 |   1 |  275.0 |
       Dungeon |    275 |    275 |      0 |      0 |    235 |   1 |  275.0 |
               +--------+--------+--------+--------+--------+-----+--------+

Top non-repeatable levels by time:
     D:1: 275 daAuts
